 Dungeon Crawl Stone Soup version 0.30-a0-457-g4b7bca3bfa (webtiles) character file.

Game seed: 5943014351591403752

7 MisterAzrael the Conjurer (level 1, 0/8 (12) HPs)
             Began as a Deep Elf Reaver on Dec 12, 2022.
             Slain by a goblin
             ... wielding a +0 dagger
              (2 damage)
             ... on level 1 of the Dungeon.
             The game lasted 00:00:55 (161 turns).

MisterAzrael the Conjurer (Deep Elf Reaver)          Turns: 161, Time: 00:00:55

HP:   0/8 (12)      AC:  3    Str:  9    XL:     1   Next: 83%
MP:   6/6           EV: 12    Int: 17    God:
Gold: 17            SH:  0    Dex: 13    Spells: 5/6 levels left

rFire   . . .      SeeInvis .    a - +0 short sword
rCold   . . .      Faith    .    (no shield)
rNeg    . . .      Spirit   .    b - +0 leather armour
rPois   .          Reflect  .    (no helmet)
rElec   .          Harm     .    (no cloak)
rCorr   .          Rampage  .    (no gloves)
Will    .....                    (no boots)
Stlth   +.........               (no amulet)
HPRegen 0.21/turn                (no ring)
MPRegen 0.10/turn                (no ring)

@: very heavily drained
A: no striking features
a: no special abilities


You were on level 1 of the Dungeon.
You visited 1 branch of the dungeon, and saw 1 of its levels.

You collected 17 gold pieces.

Inventory:

Hand Weapons
 a - a +0 short sword (weapon)
Armour
 b - a +0 leather armour (worn)
Scrolls
 c - a scroll of magic mapping {unknown}


   Skills:
 + Level 1.7 Fighting
 + Level 3.1 Short Blades
 + Level 2.6 Dodging
 + Level 3.1 Spellcasting
 + Level 3.4 Conjurations


You had 5 spell levels left.
You knew the following spells:

 Your Spells              Type           Power      Damage    Failure   Level
a - Kiss of Death         Conj/Necr      32%        2d7       12%         1

Your spell library contained the following spells:

 Spells                   Type           Power      Damage    Failure   Level
 Momentum Strike          Conj/Tloc      16%        3d8       19%         2
 Hailstorm                Conj/Ice       8%         3d4       36%         3


Dungeon Overview and Level Annotations

Branches:
Dungeon (1/15)

Altars:

Shops:
D:1 (


Message History

You closely miss the kobold.
The kobold is moderately wounded.
The kobold hits you with a +0 whip.
You hit the kobold.
You kill the kobold!
Things that are here:
a +0 whip; a kobold corpse HP restored.
c - a scroll labelled KYKEWO ISTAZOUG You now have 17 gold pieces (gained 8).
A bat comes into view.
A bat is nearby!
You hit the bat.
You kill the bat!
A goblin and a hobgoblin come into view.
Found a ring mail.
The goblin shouts!
The hobgoblin shouts!
There are monsters nearby!
You hit the hobgoblin but do no damage. The hobgoblin barely misses you.
You barely miss the hobgoblin. The hobgoblin closely misses you.
You hit the hobgoblin but do no damage. The goblin hits you but does no damage.
The hobgoblin barely misses you.
You closely miss the hobgoblin. The goblin hits you with a +0 dagger.
The hobgoblin hits you but does no damage.
You hit the hobgoblin.
The hobgoblin is severely wounded.
You barely miss the hobgoblin.
The hobgoblin is severely wounded.
The hobgoblin hits you but does no damage.
The goblin barely misses you.
You hit the hobgoblin but do no damage.
The hobgoblin is severely wounded.
The goblin hits you with a +0 dagger. The hobgoblin barely misses you.
You hit the hobgoblin.
You kill the hobgoblin!
The goblin hits you with a +0 dagger.
* * * LOW HITPOINT WARNING * * *
The goblin hits you but does no damage. The goblin hits you with a +0 dagger.
You die...

.# [# #.## ...#
###...###
##.......#
#.g......#
#..@.....# ###
#.##...### #..
#.# ...# #.# #.#
#### #.# #.# #.#
#.# #.# #.#
..############.#
#..............#


You could see a goblin.

Vanquished Creatures
  An endoplasm (D:1)
  A hobgoblin (D:1)
  2 kobolds (D:1)
  2 bats (D:1)
6 creatures vanquished.

Notes
Turn   | Place    | Note
-------+----------+-------------------------------------------
     0 | D:1      | MisterAzrael the Deep Elf Reaver began the quest for the
                  | Orb.
     0 | D:1      | Reached XP level 1. HP: 12/12 MP: 6/6
    26 | D:1      | Found Hiskeh's Weapon Shoppe.
   161 | D:1      | Slain by a goblin

Illustrated notes

Levels and vault maps discovered:
D:1:      scummos_arrival_forest, layout_loops_ring, serial_shops,
          nicolae_shop_bloodbath_and_beyond, shop_statue

Action                   || total
-------------------------++-------
Melee: Short sword       ||    16
       Punch             ||     1
 Cast: Kiss of Death     ||     2
Armor: Leather armour    ||     6
Dodge: Dodged            ||     9

Table legend: (Time is in decaauts)
 A = Elapsed time spent in this place.
 B = Non-inter-level travel time spent in this place.
 C = Inter-level travel time spent in this place.
 D = Time resting spent in this place.
 E = Time spent auto-exploring this place.
 F = Levels seen in this place.
 G = Mean time per level.
                   A        B        C        D        E       F      G
               +--------+--------+--------+--------+--------+-----+--------+
         Total |    158 |    158 |      0 |      2 |     40 |   1 |  158.0 |
       Dungeon |    158 |    158 |      0 |      2 |     40 |   1 |  158.0 |
               +--------+--------+--------+--------+--------+-----+--------+

Top non-repeatable levels by time:
     D:1: 158 daAuts
